 Dungeon Crawl Stone Soup version 0.31-a0-236-g9a0961fb85 (webtiles) character file.

Game seed: 15418141445537924964

26509 qw the Marksminotaur (level 12, -18/110 HPs)
             Began as a Minotaur Hexslinger on July 10, 2023.
             Was a High Priest of Okawaru.
             Demolished by a naga
             ... wielding a +0 glaive
              (28 damage)
             ... on level 3 of the Lair of Beasts.
             The game lasted 00:05:46 (13682 turns).

qw the Marksminotaur (Minotaur Hexslinger)         Turns: 13682, Time: 00:05:47

Health: -18/110    AC:  8    Str: 13    XL:     12   Next: 98%
Magic:  16/18      EV: 22    Int:  9    God:    Okawaru [*****.]
Gold:   323        SH:  0    Dex: 21    Spells: 12/13 levels left

rFire   . . .        Y - +6 longbow (flame)
rCold   . . .        (shield currently unavailable)
rNeg    + . .        k - +0 troll leather armour
rPois   .            (helmet restricted)
rElec   .            b - +0 cloak
rCorr   .            (no gloves)
SInv    +            e - +0 pair of boots
Will    .....        p - amulet of faith
Stlth   +++          l - ring of positive energy
HPRegen 1.18/turn    m - ring of see invisible
MPRegen 0.16/turn

%: faith
@: heroic
A: horns 2, retaliatory headbutt, agile 1, noise suppression
a: Renounce Religion, Heroism, Finesse, Duel


You were on level 3 of the Lair of Beasts.
You worshipped Okawaru.
Okawaru was extremely pleased with you.
You visited 3 branches of the dungeon, and saw 15 of its levels.
You also visited: Sewer.

You collected 1080 gold pieces.
You spent 757 gold pieces at shops.


Innate Abilities, Weirdness & Mutations

You have a pair of horns on your head.
You reflexively headbutt those who attack you in melee.
You are agile. (Dex +4, Str/Int -1)
You passively dampen the noise of your surroundings.


   Skills:
 - Level 11.2(16.2) Fighting
 + Level 16.5(21.5) Ranged Weapons
 - Level 4.0(9.0) Armour
 - Level 9.0(14.0) Dodging
 - Level 1.0 Spellcasting
 - Level 2.0 Hexes
 - Level 10.1 Invocations


You had 12 spell levels left.
You knew the following spells:

 Your Spells              Type           Power      Damage    Failure   Level
a - Slow                  Hex            16%        N/A       21%         1

Your spell library contained the following spells:

 Spells                   Type           Power      Damage    Failure   Level
 Inner Flame              Hex/Fire       2%         N/A       65%         3
 Portal Projectile        Hex/Tloc       4%         N/A       65%         3
 Cause Fear               Hex            2%         N/A       89%         4

Inventory:

Hand Weapons
 Y - a +6 longbow of flaming (weapon)
Armour
 b - a +0 cloak (worn)
 e - a +0 pair of boots (worn)
 k - a +0 troll leather armour (worn)
Jewellery
 l - a ring of positive energy (left hand)
 m - a ring of see invisible (right hand)
 p - an amulet of faith (around neck)
 r - an amulet of reflection
 s - a ring of ice
Wands
 f - a wand of digging (6)
Scrolls
 a - 10 scrolls of identify
 g - 7 scrolls of teleportation
Potions
 c - 4 potions of haste
 d - a potion of curing
 h - 5 potions of mutation
 j - a potion of resistance
 n - 3 potions of heal wounds
 o - 2 potions of might
 q - a potion of enlightenment

Dungeon Overview and Level Annotations

Branches:
Dungeon (11/15)            Temple (1/1) D:6            Lair (3/5) D:11
  Swamp (0/4) Lair:2        Snake (0/4) Lair:3          Orc (0/2) D:10
  Sewer (visited)

Altars:
Ashenzari
Cheibriados
Dithmenos
Elyvilon
Fedhas
Gozag
Hepliaklqana
Kikubaaqudgha
Makhleb
Nemelex Xobeh
Okawaru
Qazlal
Ru
Sif Muna
Trog
Uskayaw
Vehumet
Wu Jian
Xom
Yredelemnul
Zin
The Shining One

Shops:
D:3 :   D:4 =!*:(   D:8 ?   D:11 *

Annotations:
D:4 1 runed translucent door, Crazy Yiuf
D:7 3 runed translucent doors, qw's ghost, novice GrFi
D:9 1 runed translucent door
Lair:1 1 runed translucent door


Message History

Enter note:
Enter note:
Enter note:
Enter note:
Enter note:
Enter note:
Enter note:
Enter note: You shoot an arrow.
The arrow closely misses the naga.
The naga misses you. You furiously retaliate!
You headbutt the naga! The naga grabs you. The naga constricts you.
You shoot an arrow. The arrow hits the naga!
The arrow burns the naga.
The naga is severely wounded.
You shoot an arrow. The arrow barely misses the naga.
The naga spits poison at you. The splash of poison misses you.
The naga constricts you.
You shoot an arrow. The arrow hits the naga.
The arrow burns the naga.
The naga is almost dead.
The naga hits you from afar with a +0 glaive!!
The naga hits you with a +0 short sword!
The naga constricts you.
The naga hits you from afar with a +0 glaive!
13678 ||| INVOKING Heroism.
You gain the combat prowess of a mighty hero.
The naga hits you from afar with a +0 glaive!!
The naga hits you with a +0 short sword.
The naga constricts you.
You shoot an arrow. The arrow hits the naga!!
The arrow burns the naga.
You kill the naga!
Okawaru accepts your kill. The naga spits poison at you.
The splash of poison misses you.
You shoot an arrow. The arrow completely misses the naga.
The naga misses you.
You shoot an arrow. The arrow barely misses the naga.
The naga hits you from afar with a +0 glaive!
You shoot an arrow. The arrow hits the naga!
The arrow burns the naga.
The naga is heavily wounded.
The naga hits you from afar with a +0 glaive!! x2
You die...

##.>.## ### #######
#.....# #.###..##.#
.}.}.# #.........#
..... ##.......##
##... #........#
##).N #........#
#..)##
#.......#####.@.##
#..........###...##
#........P## ##...##
#.......### ##...#
###........# ##...##
P##.......### #...##
............# #...#
##PP..###..#####...#
########..###...#.##.


You could see a naga (fast, catching breath).

Vanquished Creatures
  Josephine (D:10)
  Fannar (Lair:2)
  2 boulder beetles (D:11)
  3 hydras
  Erolcha (D:10)
  2 two-headed ogres
  2 skysharks
  Pikel (D:6)
  A cyclops (D:10)
  A black mamba (Lair:1)
  Maggie (D:6)
  A torpor snail (Lair:3)
  4 cane toads
  5 komodo dragons
  A rime drake (Lair:3)
  3 trolls
  A polar bear (Lair:2)
  A hornet (D:4)
  4 blink frogs (Lair:1)
  Sigmund (D:6)
  6 wraiths
  25 yaks
  6 wyverns
  2 basilisks (Lair:2)
  A human (Lair:1)
  2 steam dragons
  3 wargs
  Menkaure (D:4)
  2 nagas (Lair:3)
  3 acid dragons
  9 water moccasins
  A sky beast (D:8)
  2 ice beasts (D:5)
  18 wolves
  An ogre (D:4)
  3 centaurs
  A lemure (D:6)
  A phantom (D:6)
  3 kobold brigands
  8 bullfrogs
  5 scorpions
  A gnoll sergeant (D:10)
  9 wights (D:9)
  An electric eel (Lair:3)
  3 howler monkeys
  4 jellies
  6 hounds
  A gnoll bouda (D:8)
  An orc priest (D:3)
  4 orc wizards
  A sleepcap (D:7)
  Jessica (D:3)
  Natasha (thrice) (D:4)
  A hell rat (Sewer)
  5 iguanas
  Robin (D:4)
  16 gnolls
  8 adders
  4 river rats (Sewer)
  A shadow imp (D:5)
  14 white imps
  2 ufetubi
  A worm (D:5)
  4 dart slugs
  24 orcs
  4 bats
  10 endoplasms
  6 giant cockroaches
  11 goblins
  7 hobgoblins
  4 jackals
  27 kobolds
  6 quokkas (D:4)
  8 ball pythons
  A frilled lizard (D:1)
  A jackal skeleton (D:9)
  A kobold zombie (D:9)
  14 rats
  A butterfly (Lair:2)
357 creatures vanquished.

Notes
Turn   | Place    | Note
-------+----------+-------------------------------------------
     0 | D:1      | qw the Minotaur Hexslinger began the quest for the Orb.
     0 | D:1      | Reached XP level 1. HP: 16/16 MP: 1/1
     0 | D:1      | 0 ||| qw: Version: 0.3-a-52-g30416fa
     0 | D:1      | 0 ||| qw: Game counter: 4537
     0 | D:1      | 0 ||| qw: Melee chars always use a shield: true
     0 | D:1      | 0 ||| qw: God list: Okawaru
     0 | D:1      | 0 ||| qw: Allow faded altars: false
     0 | D:1      | 0 ||| qw: Do Orc after clearing Dungeon:15 true
     0 | D:1      | 0 ||| qw: Do second Lair branch before Depths: true
     0 | D:1      | 0 ||| qw: Lair rune preference: random
     0 | D:1      | 0 ||| qw: Goals: Normal
     0 | D:1      | 0 ||| PLANNING D:1-11
   145 | D:1      | Reached skill level 3 in Ranged Weapons
   145 | D:1      | Reached XP level 2. HP: 23/23 MP: 2/2
   541 | D:1      | 541 ||| UPGRADING to +0 leather armour.
   551 | D:1      | 551 ||| DROPPING +0 robe.
   552 | D:1      | 552 ||| UPGRADING to +0 ring mail.
   562 | D:1      | 562 ||| DROPPING +0 leather armour.
   563 | D:1      | 563 ||| READING scroll labelled OGRAASKOIW.
   564 | D:1      | 564 ||| DROPPING scroll of poison.
   589 | D:2      | 589 ||| FLEEEEING.
   590 | D:2      | 590 ||| FLEEEEING.
   591 | D:2      | HP: 6/24 [poisoned by an adder]
   592 | D:2      | 592 ||| STAIRDANCE
   709 | D:2      | Reached XP level 3. HP: 29/29 MP: 3/3
   988 | D:2      | Found a faded altar of an unknown god.
  1013 | D:2      | Reached skill level 4 in Ranged Weapons
  1023 | D:2      | Reached skill level 1 in Armour
  1060 | D:2      | Reached XP level 4. HP: 28/36 MP: 4/4
  1064 | D:2      | 1064 ||| FLEEEEING.
  1065 | D:2      | 1065 ||| FLEEEEING.
  1066 | D:2      | 1066 ||| FLEEEEING.
  1067 | D:2      | 1067 ||| FLEEEEING.
  1071 | D:2      | 1071 ||| FLEEEEING.
  1075 | D:2      | 1075 ||| FLEEEEING.
  1076 | D:2      | 1076 ||| FLEEEEING.
  1077 | D:2      | 1077 ||| FLEEEEING.
  1078 | D:2      | 1078 ||| FLEEEEING.
  1717 | D:2      | 1717 ||| READING scroll labelled SAMIAX ZAUKH.
  1718 | D:2      | 1718 ||| READING scroll labelled ZUOFEW KENYTET.
  1723 | D:2      | 1723 ||| READING scroll labelled CIRIOJ KYMORGH.
  1724 | D:2      | 1724 ||| DRINKING 2 black potions.
  1725 | D:2      | 1725 ||| DRINKING 2 sapphire potions.
  1725 | D:2      | Gained mutation: You passively dampen the noise of your
                  | surroundings. [potion of mutation]
  1725 | D:2      | Gained mutation: You are agile. (Dex +4, Str/Int -1)
                  | [potion of mutation]
  1869 | D:3      | Reached skill level 5 in Ranged Weapons
  1902 | D:3      | Reached XP level 5. HP: 34/44 MP: 5/5
  1996 | D:3      | Reached skill level 3 in Fighting
  2084 | D:3      | 2084 ||| DRINKING potion of curing.
  2084 | D:3      | 2084 ||| (to cure confusion)
  2334 | D:3      | Found Uhaziebo's Book Shop.
  2390 | D:3      | Noticed Jessica
  2394 | D:3      | Killed Jessica
  2436 | D:3      | Reached skill level 6 in Ranged Weapons
  2760 | D:3      | Reached XP level 6. HP: 52/52 MP: 6/6
  2806 | D:3      | 2806 ||| UPGRADING to +0 cloak.
  2811 | D:3      | 2811 ||| READING scroll labelled NIEVVU BUDUOST.
  2851 | D:4      | 2851 ||| PLANNING SEWER
  2895 | D:4      | 2895 ||| Stepping ~*~*~tactically~*~*~ (outnumbered).
  3107 | D:4      | 3107 ||| Stepping ~*~*~tactically~*~*~ (water).
  3109 | D:4      | 3109 ||| Stepping ~*~*~tactically~*~*~ (water).
  3119 | D:4      | 3119 ||| READING scroll of enchant weapon.
  3119 | D:4      | 3119 ||| ENCHANTING +2 sling.
  3162 | D:4      | Noticed Natasha
  3164 | D:4      | 3164 ||| Stepping ~*~*~tactically~*~*~ (outnumbered).
  3178 | D:4      | Killed Natasha
  3200 | D:4      | 3200 ||| FLEEEEING.
  3271 | D:4      | Found Suiwkoem's Jewellery Emporium.
  3279 | D:4      | 3279 ||| SHOPLISTING +4 ring of protection (432 gold, have
                  | 267).
  3279 | D:4      | 3279 ||| SHOPLISTING +4 ring of slaying (936 gold, have
                  | 267).
  3279 | D:4      | 3279 ||| SHOPLISTING +5 ring of evasion (432 gold, have
                  | 267).
  3279 | D:4      | 3279 ||| SHOPLISTING ring of ice (300 gold, have 267).
  3279 | D:4      | 3279 ||| BUYING ring of see invisible (180 gold).
  3279 | D:4      | Bought a ring of see invisible for 180 gold pieces
  3279 | D:4      | 3279 ||| SHOPLISTING ring of see invisible (180 gold, have
                  | 87).
  3279 | D:4      | 3279 ||| SHOPLISTING ring of willpower (300 gold, have 87).
  3313 | D:4      | 3313 ||| Stepping ~*~*~tactically~*~*~ (water).
  3321 | D:4      | 3321 ||| Stepping ~*~*~tactically~*~*~ (water).
  3324 | D:4      | Found a glowing drain.
  3326 | D:4      | 3326 ||| UPGRADING to ring of positive energy.
  3327 | D:4      | 3327 ||| UPGRADING to ring of see invisible.
  3328 | D:4      | 3328 ||| READING 2 scrolls of identify.
  3328 | D:4      | 3328 ||| IDENTIFYING coppery potion
  3331 | D:4      | 3331 ||| Stepping ~*~*~tactically~*~*~ (water).
  3343 | Sewer    | Entered a sewer
  3370 | Sewer    | 3370 ||| Stepping ~*~*~tactically~*~*~ (water).
  3402 | Sewer    | 3402 ||| Stepping ~*~*~tactically~*~*~ (water).
  3404 | Sewer    | 3404 ||| Stepping ~*~*~tactically~*~*~ (water).
  3409 | Sewer    | 3409 ||| Stepping ~*~*~tactically~*~*~ (water).
  3422 | Sewer    | Reached skill level 7 in Ranged Weapons
  3484 | Sewer    | 3484 ||| READING scroll labelled EPRIOQ KUXE.
  3485 | Sewer    | 3485 ||| READING scroll labelled MUUCUDAOFY.
  3486 | Sewer    | 3486 ||| READING scroll labelled POIMNUGRIOF.
  3487 | Sewer    | 3487 ||| READING 3 scrolls of identify.
  3487 | Sewer    | 3487 ||| IDENTIFYING bubbling brown potion
  3488 | Sewer    | 3488 ||| READING 2 scrolls of identify.
  3488 | Sewer    | 3488 ||| IDENTIFYING grey potion
  3489 | Sewer    | 3489 ||| DROPPING potion of attraction.
  3490 | Sewer    | 3490 ||| DROPPING potion of ambrosia.
  3501 | D:4      | 3501 ||| PLANNING D:1-11
  3550 | D:4      | Found a runed translucent door.
  3551 | D:4      | Noticed Crazy Yiuf
  3586 | D:4      | Noticed Natasha
  3588 | D:4      | Killed Natasha
  3589 | D:4      | Reached XP level 7. HP: 53/59 MP: 7/7
  3633 | D:4      | Found Faesompi's Assorted Antiques.
  3637 | D:4      | 3637 ||| BUYING potion of curing (87 gold).
  3637 | D:4      | Bought a potion of curing for 87 gold pieces
  3637 | D:4      | 3637 ||| SHOPLISTING scroll of identify (58 gold, have 0).
  3637 | D:4      | 3637 ||| SHOPLISTING short lead wand (116 gold, have 0).
  3642 | D:4      | Noticed Menkaure
  3645 | D:4      | 3645 ||| FLEEEEING.
  3646 | D:4      | 3646 ||| FLEEEEING.
  3647 | D:4      | 3647 ||| FLEEEEING.
  3651 | D:4      | Reached skill level 8 in Ranged Weapons
  3652 | D:4      | Killed Menkaure
  3653 | D:4      | Reached skill level 3 in Armour
  3763 | D:4      | Reached skill level 3 in Dodging
  3830 | D:4      | Found Weih Arch's Distillery.
  3836 | D:4      | 3836 ||| SHOPLISTING potion of cancellation (88 gold, have
                  | 0).
  3836 | D:4      | 3836 ||| SHOPLISTING potion of curing (33 gold, have 0).
  3836 | D:4      | 3836 ||| SHOPLISTING potion of haste (110 gold, have 0).
  3836 | D:4      | 3836 ||| SHOPLISTING potion of heal wounds (55 gold, have
                  | 0).
  3836 | D:4      | 3836 ||| SHOPLISTING potion of resistance (110 gold, have
                  | 0).
  3959 | D:4      | Noticed Robin
  3959 | D:4      | Noticed a hornet
  3963 | D:4      | Killed a hornet
  3964 | D:4      | Reached XP level 8. HP: 58/68 MP: 8/8
  3968 | D:4      | Killed Robin
  3970 | D:4      | 3970 ||| FLEEEEING.
  3971 | D:4      | 3971 ||| FLEEEEING.
  3972 | D:4      | 3972 ||| FLEEEEING.
  4003 | D:4      | Noticed Natasha
  4005 | D:4      | Killed Natasha
  4055 | D:4      | Found Wunwawe's Book Shoppe.
  4140 | D:4      | Found Ekhliecog's Antique Weapon Shop.
  4143 | D:4      | 4143 ||| SHOPLISTING runed arbalest (135 gold, have 12).
  4255 | D:4      | 4255 ||| DRINKING 2 metallic pink potions.
  4256 | D:4      | 4256 ||| READING 2 scrolls of identify.
  4256 | D:4      | 4256 ||| IDENTIFYING murky clear potion
  4257 | D:4      | 4257 ||| DROPPING potion of degeneration.
  4268 | D:5      | Entered Level 5 of the Dungeon
  4273 | D:5      | Reached skill level 9 in Ranged Weapons
  4535 | D:5      | Reached skill level 6 in Fighting
  4888 | D:5      | 4888 ||| FLEEEEING.
  4889 | D:5      | 4889 ||| FLEEEEING.
  4891 | D:5      | 4891 ||| FLEEEEING.
  4892 | D:5      | 4892 ||| FLEEEEING.
  4893 | D:5      | 4893 ||| FLEEEEING.
  4894 | D:5      | 4894 ||| FLEEEEING.
  4895 | D:5      | 4895 ||| FLEEEEING.
  4906 | D:5      | 4906 ||| FLEEEEING.
  4907 | D:5      | 4907 ||| FLEEEEING.
  4908 | D:5      | 4908 ||| FLEEEEING.
  4910 | D:5      | 4910 ||| FLEEEEING.
  4911 | D:5      | 4911 ||| FLEEEEING.
  4912 | D:5      | 4912 ||| FLEEEEING.
  4913 | D:5      | 4913 ||| FLEEEEING.
  4914 | D:5      | 4914 ||| FLEEEEING.
  4915 | D:5      | 4915 ||| FLEEEEING.
  4916 | D:5      | 4916 ||| FLEEEEING.
  4921 | D:5      | 4921 ||| STAIRDANCE
  4971 | D:4      | 4971 ||| DROPPING ring of flight.
  4972 | D:4      | 4972 ||| READING scroll labelled OHOD KUGAKI.
  4973 | D:4      | 4973 ||| DRINKING 2 pink potions.
  4974 | D:4      | 4974 ||| READING 2 scrolls of identify.
  4974 | D:4      | 4974 ||| IDENTIFYING fizzy emerald potion
  4975 | D:4      | 4975 ||| DROPPING potion of brilliance.
  5035 | D:5      | Reached skill level 10 in Ranged Weapons
  5319 | D:5      | 5319 ||| READING scroll labelled OFUGOI FEPU.
  5353 | D:6      | Noticed Sigmund
  5366 | D:6      | Killed Sigmund
  5434 | D:6      | 5434 ||| SWAPPING to +0 orcbow.
  5435 | D:6      | 5435 ||| DROPPING +3 sling of electrocution.
  5470 | D:6      | 5470 ||| SWAPPING to +2 heavy orcbow.
  5471 | D:6      | 5471 ||| DROPPING +0 orcbow.
  5506 | D:6      | Noticed Maggie
  5512 | D:6      | Killed Maggie
  5513 | D:6      | Reached XP level 9. HP: 77/81 MP: 9/9
  5535 | D:6      | Found a staircase to the Ecumenical Temple.
  5537 | D:6      | 5537 ||| PLANNING TEMPLE
  5537 | D:6      | 5537 ||| UPGRADING to +0 steam dragon scales.
  5547 | D:6      | 5547 ||| DROPPING +0 ring mail.
  5548 | D:6      | 5548 ||| READING 2 scrolls of identify.
  5548 | D:6      | 5548 ||| IDENTIFYING red potion
  5549 | D:6      | 5549 ||| DROPPING potion of invisibility.
  5556 | Temple   | Entered the Ecumenical Temple
  5760 | Temple   | 5760 ||| PLANNING OKAWARU WORSHIP
  5788 | Temple   | Became a worshipper of Warmaster Okawaru
  5789 | Temple   | 5789 ||| PLANNING D:1-11
  6123 | D:6      | Noticed Pikel
  6127 | D:6      | Killed Pikel
  6127 | D:6      | Reached * piety under Okawaru
  6128 | D:6      | Reached skill level 11 in Ranged Weapons
  6208 | D:6      | Found an ornate altar of the Wu Jian Council.
  6545 | D:7      | Reached skill level 1 in Invocations
  6568 | D:7      | Found a runed translucent gate.
  6569 | D:7      | Found a runed translucent gate.
  6570 | D:7      | Found a runed translucent gate.
  6570 | D:7      | Noticed a kobold demonologist
  6575 | D:7      | Noticed qw's ghost (novice GrFi)
  6811 | D:7      | Found a bloodstained altar of Trog.
  6840 | D:7      | Found an opulent altar of Gozag.
  7356 | D:7      | 7356 ||| DRINKING 2 purple potions.
  7414 | D:8      | 7414 ||| Stepping ~*~*~tactically~*~*~ (outnumbered).
  7424 | D:8      | Reached skill level 6 in Dodging
  7424 | D:8      | 7424 ||| Stepping ~*~*~tactically~*~*~ (outnumbered).
  7525 | D:8      | Reached skill level 3 in Invocations
  7596 | D:8      | Found a glowing silver altar of Zin.
  7596 | D:8      | Found a white marble altar of Elyvilon.
  7596 | D:8      | Found a glowing golden altar of the Shining One.
  7678 | D:8      | Reached ** piety under Okawaru
  7815 | D:8      | 7815 ||| INVOKING Heroism.
  7835 | D:8      | Found Boforyj's Magic Scroll Shoppe.
  7839 | D:8      | 7839 ||| BUYING 3 scrolls of identify (90 gold).
  7839 | D:8      | Bought 3 scrolls of identify for 90 gold pieces
  7839 | D:8      | 7839 ||| BUYING scroll of identify (30 gold).
  7839 | D:8      | Bought a scroll of identify for 30 gold pieces
  8047 | D:8      | 8047 ||| INVOKING Heroism.
  8226 | D:8      | 8226 ||| UPGRADING to amulet of faith.
  8231 | D:8      | 8231 ||| READING scroll labelled NONAOBEUNK.
  8336 | D:8      | 8336 ||| READING scroll labelled XUIGUH YLAN.
  8337 | D:8      | 8337 ||| READING 5 scrolls of identify.
  8337 | D:8      | 8337 ||| IDENTIFYING metallic dark potion
  8371 | D:9      | Noticed a troll
  8372 | D:9      | 8372 ||| INVOKING Heroism.
  8375 | D:9      | Reached XP level 10. HP: 81/88 MP: 8/11
  8395 | D:9      | 8395 ||| STAIRDANCE
  8436 | D:9      | Reached skill level 12 in Ranged Weapons
  8553 | D:9      | Noticed a two-headed ogre
  8554 | D:9      | 8554 ||| INVOKING Heroism.
  8559 | D:9      | Killed a two-headed ogre
  8595 | D:9      | Found a runed translucent door.
  8599 | D:9      | Found a basalt altar of Yredelemnul.
  8608 | D:9      | 8608 ||| INVOKING Heroism.
  8654 | D:9      | Reached skill level 13 in Ranged Weapons
  8981 | D:9      | Identified the +0 chain mail of Wivawar {Rampage Will+ MP+9
                  | Slay+3}
  9164 | D:9      | 9164 ||| DROPPING scarf of invisibility.
  9175 | D:10     | Entered Level 10 of the Dungeon
  9181 | D:10     | Reached skill level 9 in Fighting
  9182 | D:10     | Noticed Josephine
  9183 | D:10     | Reached *** piety under Okawaru
  9186 | D:10     | Killed Josephine
  9196 | D:10     | Reached **** piety under Okawaru
  9279 | D:10     | 9279 ||| INVOKING Heroism.
  9338 | D:10     | Found a staircase to the Orcish Mines.
  9345 | D:10     | 9345 ||| INVOKING Heroism.
  9362 | D:10     | Noticed Erolcha
  9367 | D:10     | Killed Erolcha
  9368 | D:10     | Reached XP level 11. HP: 35/97 MP: 13/13
  9582 | D:10     | 9582 ||| INVOKING Heroism.
  9588 | D:10     | Reached skill level 14 in Ranged Weapons
  9612 | D:10     | 9612 ||| INVOKING Heroism.
  9629 | D:10     | 9629 ||| FLEEEEING.
  9630 | D:10     | 9630 ||| FLEEEEING.
  9631 | D:10     | 9631 ||| STAIRDANCE
  9775 | D:9      | 9775 ||| UPGRADING to +0 troll leather armour.
  9785 | D:9      | 9785 ||| DROPPING +0 steam dragon scales.
  9955 | D:10     | 9955 ||| DRINKING 2 potions of curing.
  9955 | D:10     | 9955 ||| (to cure confusion)
 10038 | D:11     | Found a staircase to the Lair.
 10062 | D:11     | 10062 ||| INVOKING Heroism.
 10125 | D:11     | 10125 ||| INVOKING Heroism.
 10255 | D:11     | Reached skill level 6 in Invocations
 10276 | D:11     | 10276 ||| FLEEEEING.
 10277 | D:11     | 10277 ||| FLEEEEING.
 10278 | D:11     | 10278 ||| FLEEEEING.
 10279 | D:11     | 10279 ||| FLEEEEING.
 10280 | D:11     | 10280 ||| FLEEEEING.
 10281 | D:11     | 10281 ||| FLEEEEING.
 10282 | D:11     | 10282 ||| FLEEEEING.
 10318 | D:11     | Noticed a two-headed ogre
 10319 | D:11     | 10319 ||| INVOKING Heroism.
 10322 | D:11     | Killed a two-headed ogre
 10322 | D:11     | Reached ***** piety under Okawaru
 10549 | D:11     | Noticed a boulder beetle
 10550 | D:11     | 10550 ||| INVOKING Heroism.
 10551 | D:11     | 10551 ||| INVOKING Finesse.
 10567 | D:11     | Killed a boulder beetle
 10643 | D:11     | Found Tiuno's Specific Store.
 10650 | D:11     | Found Etuimn's General Store.
 10654 | D:11     | 10654 ||| BUYING scroll of identify (26 gold).
 10654 | D:11     | Bought a scroll of identify for 26 gold pieces
 10659 | D:11     | 10659 ||| BUYING potion of haste (160 gold).
 10659 | D:11     | Bought a potion of haste for 160 gold pieces
 10659 | D:11     | 10659 ||| BUYING scroll of brand weapon (152 gold).
 10659 | D:11     | Bought a scroll of brand weapon for 152 gold pieces
 10659 | D:11     | 10659 ||| BUYING scroll of identify (32 gold).
 10659 | D:11     | Bought a scroll of identify for 32 gold pieces
 10697 | D:11     | Noticed a boulder beetle
 10698 | D:11     | 10698 ||| INVOKING Heroism.
 10704 | D:11     | Killed a boulder beetle
 10754 | D:11     | 10754 ||| PLANNING LAIR
 10754 | D:11     | 10754 ||| UPGRADING to +0 pair of boots.
 10759 | D:11     | 10759 ||| READING 10 scrolls of identify.
 10759 | D:11     | 10759 ||| IDENTIFYING fuming cyan potion
 10760 | D:11     | 10760 ||| READING 9 scrolls of identify.
 10760 | D:11     | 10760 ||| IDENTIFYING sedimented brown potion
 10761 | D:11     | 10761 ||| DROPPING potion of berserk rage.
 10762 | D:11     | 10762 ||| DROPPING potion of lignification.
 10806 | Lair:1   | Entered Level 1 of the Lair of Beasts
 10875 | Lair:1   | 10875 ||| INVOKING Heroism.
 10978 | Lair:1   | 10978 ||| INVOKING Heroism.
 11033 | Lair:1   | 11033 ||| INVOKING Heroism.
 11035 | Lair:1   | Received a gift from Okawaru
 11045 | Lair:1   | Reached skill level 15 in Ranged Weapons
 11131 | Lair:1   | 11131 ||| SWAPPING to +6 longbow.
 11136 | Lair:1   | 11136 ||| DROPPING +2 heavy orcbow.
 11137 | Lair:1   | 11137 ||| READING scroll of brand weapon.
 11137 | Lair:1   | 11137 ||| BRANDING +6 longbow.
 11152 | Lair:1   | Reached XP level 12. HP: 106/106 MP: 17/17
 11290 | Lair:1   | Found a runed translucent door.
 11298 | Lair:1   | 11298 ||| INVOKING Heroism.
 11395 | Lair:1   | 11395 ||| INVOKING Heroism.
 11405 | Lair:1   | Reached skill level 9 in Invocations
 11522 | Lair:1   | 11522 ||| INVOKING Heroism.
 11537 | Lair:1   | Found a frozen archway.
 11538 | Lair:1   | 11538 ||| Stepping ~*~*~tactically~*~*~ (outnumbered).
 11540 | Lair:1   | 11540 ||| Stepping ~*~*~tactically~*~*~ (outnumbered).
 11561 | Lair:1   | 11561 ||| INVOKING Heroism.
 11633 | Lair:1   | 11633 ||| INVOKING Heroism.
 11840 | Lair:1   | Noticed a tentacled starspawn
 12043 | Lair:1   | 12043 ||| READING 2 scrolls labelled BANABU YGHEORE.
 12044 | Lair:1   | 12044 ||| READING scroll labelled PIAXUKI YZY.
 12045 | Lair:1   | 12045 ||| DROPPING scroll of blinking.
 12123 | Lair:2   | 12123 ||| INVOKING Heroism.
 12371 | Lair:2   | Noticed Fannar
 12388 | Lair:2   | Killed Fannar
 12441 | Lair:2   | 12441 ||| INVOKING Heroism.
 12615 | Lair:2   | Reached skill level 16 in Ranged Weapons
 12826 | Lair:2   | 12826 ||| INVOKING Heroism.
 12853 | Lair:2   | Noticed a six-headed hydra
 12854 | Lair:2   | 12854 ||| INVOKING Heroism.
 12858 | Lair:2   | Killed a six-headed hydra
 12861 | Lair:2   | Received a gift from Okawaru
 12873 | Lair:2   | Noticed a four-headed hydra
 12876 | Lair:2   | 12876 ||| INVOKING Heroism.
 12879 | Lair:2   | Killed a four-headed hydra
 12892 | Lair:2   | Found a staircase to the Swamp.
 13002 | Lair:2   | 13002 ||| READING scroll labelled BUIKIFO JICUUS.
 13035 | Lair:3   | 13035 ||| INVOKING Heroism.
 13126 | Lair:3   | Reached skill level 9 in Dodging
 13228 | Lair:3   | Noticed an eight-headed hydra
 13229 | Lair:3   | 13229 ||| INVOKING Heroism.
 13233 | Lair:3   | Killed an eight-headed hydra
 13667 | Lair:3   | 13667 ||| Stepping ~*~*~tactically~*~*~ (outnumbered).
 13670 | Lair:3   | 13670 ||| Stepping ~*~*~tactically~*~*~ (outnumbered).
 13673 | Lair:3   | Found a staircase to the Snake Pit.
 13678 | Lair:3   | 13678 ||| INVOKING Heroism.
 13682 | Lair:3   | HP: 10/110 [naga/+0 glaive (18)]
 13682 | Lair:3   | Demolished by a naga

Levels and vault maps discovered:
D:1:      minmay_arrival_four_circles, layout_basic, minmay_statues_item,
          kennysheep_flooded_box
D:2:      layout_basic, hellmonk_ecumenical_altar_crossroads,
          minmay_misc_feat_secret_circle, minmay_heptomino_d4
D:3:      layout_basic, serial_shops, shop, uniq_jessica
D:4:      layout_loops_ring, serial_shops, kennysheep_mini, shop, shop,
          nicolae_shop_peninsula, shop, gup_sewer_entry_pipe,
          minmay_manual_monstrance, uniq_robin, uniq_crazy_yiuf_cottage,
          uniq_menkaure, uniq_natasha
D:5:      layout_layer_cave, serial_bayou, serial_bayou_ford_a,
          serial_bayou_shore_a, serial_bayou_shore_b, serial_bayou_pond_d,
          hangedman_abyss_or_decor_passed
D:6:      layout_cave_pools, pdpol_wu_jian_five_deadly_venoms, temple_fountains,
          sigmund_army, uniq_sigmund, uniq_pikel, uniq_maggie
D:7:      layout_basic, grunt_gozag_breadcrumbs, mainiacjoe_overflow_catwalk,
          gammafunk_ghost_nasty_kobolds
D:8:      layout_basic, good_gods_mini_temple, serial_shops, shop
D:9:      layout_irregular_city, dk_yredelemnul_ordeal, grunt_ministairs_14,
          chequers_serial_rivers_micro_e
D:10:     layout_rooms, minmay_orc_entry_guard_dogs, uniq_josephine,
          uniq_erolcha
D:11:     layout_long_grid, lair_entry_dummy, nicolae_specific_store
Temple:   regret_index_temple_generic_petals
Lair:1:   beast_lair_carwin_large_4, layout_regular_city,
          portal_ice_cave_entry_imps, pdpol_lair_cabin_in_the_woods
Lair:2:   layout_long_grid, palyth_hydra_swamp_entry, lemuel_fruit_fields,
          uniq_fannar
Lair:3:   layout_small_grid, nicolae_snake_entry_squirm, serial_bayou_pond_b,
          lemuel_fruit_tree

Skill      XL: |  1  2  3  4  5  6  7  8  9 10 11 12 |
---------------+-------------------------------------+-----
Ranged Weapons | 3 4 5 6 7 8 10 11 13 15 16 | 16.5
Fighting       | 2 3 4 5 7 9 10 11 | 11.2
Armour         | 1 3 4 |  4.0
Dodging        | 3 4 6 7 9 |  9.0
Invocations    | 3 4 8 10 | 10.1
Spellcasting   | |  1.0
Hexes          | |  2.0

Action                     |  1- 3 |  4- 6 |  7- 9 | 10-12 || total
---------------------------+-------+-------+-------+-------++-------
   Fire: Sling             |    81 |   277 |   120 |       ||   478
         Orcbow            |       |       |   109 |   248 ||   357
         Longbow           |       |       |       |   232 ||   232
 Invoke: Heroism           |       |       |     3 |    27 ||    30
         Finesse           |       |       |       |     1 ||     1
    Use: Scroll            |     1 |    11 |     8 |     6 ||    26
         Potion            |       |     3 |     3 |     1 ||     7
 Armour: Ring mail         |    17 |    45 |    11 |       ||    73
         Robe              |     2 |       |       |       ||     2
         Steam dragon scal |       |       |     4 |     2 ||     6
         Troll leather arm |       |       |       |    29 ||    29
  Dodge: Dodged            |    25 |    67 |    39 |   166 ||   297

Table legend:
 A = Non-vault XP
 B = Vault XP
 C = Vault XP percentage of total XP
 D = Non-vault monster count
 E = Vault monster count
 F = Vault count percentage of total count
                 A         B        C        D         E       F
            +---------+---------+-------+---------+---------+-------
      Total |   25369 |   12501 |  33.0 |     249 |     106 |  29.9
            +---------+---------+-------+---------+---------+-------
        D:1 |      23 |       0 |   0.0 |      14 |       0 |   0.0
        D:2 |      63 |      31 |  33.0 |      16 |       4 |  20.0
        D:3 |     231 |      37 |  13.8 |      30 |       1 |   3.2
        D:4 |     591 |     578 |  49.4 |      20 |      29 |  59.2
        D:5 |     613 |       0 |   0.0 |      18 |       0 |   0.0
        D:6 |     698 |    1319 |  65.4 |      11 |       5 |  31.2
        D:7 |     397 |       0 |   0.0 |       9 |       0 |   0.0
        D:8 |     842 |       0 |   0.0 |      25 |       0 |   0.0
        D:9 |    2152 |     411 |  16.0 |      15 |       6 |  28.6
       D:10 |    1709 |    3136 |  64.7 |      18 |       9 |  33.3
       D:11 |    4990 |       0 |   0.0 |      15 |       0 |   0.0
     Lair:1 |    5135 |    3174 |  38.2 |      25 |      29 |  53.7
     Lair:2 |    3757 |    2996 |  44.4 |      16 |       5 |  23.8
     Lair:3 |    4168 |     721 |  14.7 |      17 |       4 |  19.0
      Sewer |       0 |      98 | 100.0 |       0 |      14 | 100.0
            +---------+---------+-------+---------+---------+-------
